 Dungeon Crawl Stone Soup version 0.21-a0-529-g8c7b3f5 (webtiles) character file.

1488 WiZmei the Skirmisher (level 9, -3/72 HPs)
             Began as a Formicid Fighter on Dec 8, 2017.
             Was a Follower of Makhleb.
             Slain by a wight
             ... wielding a cursed +5 battleaxe of freezing
              (7 damage)
             ... on level 6 of the Dungeon on Dec 9, 2017.
             The game lasted 00:18:05 (6284 turns).

WiZmei the Skirmisher (Formicid Fighter)            Turns: 6284, Time: 00:18:07

Health: -3/72      AC: 12    Str: 22    XL:     9   Next: 7%
Magic:  9/9        EV:  6    Int:  7    God:    Makhleb [*.....]
Gold:   297        SH:  5    Dex: 13    Spells: 8/8 levels left

rFire    . . .     SeeInvis +   a - +0 long sword
rCold    . . .     Gourm    .   m - +0 buckler
rNeg     + . .     Faith    .   n - +0 plate armour
rPois    .         Spirit   .   (helmet unavailable)
rElec    .         Reflect  .   (no cloak)
rCorr    .         Harm     .   (no gloves)
MR       .....                  (no boots)
Stlth    ..........             (no amulet)
HPRegen  0.22/turn              s - ring of flight
MPRegen  0.11/turn              y - ring of positive energy

@: drained
A: permanent stasis, dig shafts and tunnels, four strong arms, antennae 3
a: Dig, Shaft Self, Renounce Religion, Evoke Flight


You were on level 6 of the Dungeon.
You worshipped Makhleb.
Makhleb was aware of your devotion.
You were not hungry.

You visited 2 branches of the dungeon, and saw 7 of its levels.
You also visited: Sewer.

You collected 297 gold pieces.

Inventory:

Hand Weapons
 a - a +0 long sword (weapon)
 q - a +0 blowgun
Missiles
 h - 26 poisoned needles
Armour
 c - a +0 shield
 m - a +0 buckler (worn)
 n - a +0 plate armour (worn)
Jewellery
 s - a ring of flight (left hand)
 y - a ring of positive energy (right hand)
Wands
 o - a wand of polymorph (14)
Scrolls
 e - 4 scrolls of remove curse {unknown}
 g - 2 scrolls of enchant weapon {unknown}
 i - 8 scrolls of identify {unknown}
 r - 3 scrolls of fear {unknown}
 t - 2 scrolls of teleportation {unknown}
 u - 2 scrolls of blinking {unknown}
 v - a scroll of random uselessness {unknown}
 w - 2 scrolls of amnesia {unknown}
 x - a scroll of enchant armour {unknown}
Potions
 b - a potion of agility
 d - 4 potions of might
 l - 5 potions of curing {unknown}
 p - 2 potions of magic {unknown}
 z - 3 potions of heal wounds {unknown}
 B - a potion of resistance {unknown}
 D - a potion of berserk rage {unknown}
Comestibles
 f - 6 bread rations
 j - 6 royal jellies
 k - a meat ration
 A - 2 fruits
 C - 4 chunks of flesh


   Skills:
 * Level 7.5(7.2) Fighting
 * Level 6.5(6.2) Long Blades
 + Level 5.7(5.5) Armour
 + Level 6.2(5.9) Shields


You had 8 spell levels left.
You didn't know any spells.

Dungeon Overview and Level Annotations

Branches:
Dungeon (6/15)             Temple (1/1) D:5

Altars:
Dithmenos
Elyvilon
Gozag
Hepliaklqana
Makhleb
Okawaru
Qazlal
Ru
Sif Muna
Uskayaw
Vehumet
Xom
Zin
The Shining One

Shops:
D:4 }


Innate Abilities, Weirdness & Mutations

You cannot be hasted, slowed, berserked, paralysed or teleported.
You can dig through walls and to a lower floor.
Your four strong arms can wield two-handed weapons with a shield.
You have a pair of large antennae on your head. (SInv)


Message History

You block the wight's attack.
Things that are here:
a battleaxe; a robe; 11 gold pieces Your plate armour prevents you from hitting the wight.
The wight hits you with a battleaxe of freezing!
The wight freezes you.
You hit the wight but do no damage. You block the wight's attack.
You hit the wight but do no damage.
The wight hits you with a battleaxe of freezing.
The wight freezes you.
* * * LOW HITPOINT WARNING * * *
You closely miss the wight. You hit the wight.
The wight is moderately damaged.
The wight hits you with a battleaxe of freezing!
* * * LOW HITPOINT WARNING * * *
You partially resist.
You feel drained.
* * * LOW HITPOINT WARNING * * *
The wight freezes you!
You die...

..##'######... ###' .
.............. #...
'###...)........ ...
...#............
###.####..#............
##.....##..#............
#.......#..#......#####'
..#.......#..#......#.....
......_..@z..#......#.....
..#.......#..'......#.....
#.......#..#......#..###
##.....##.##.....###'##.
###.####........#...#..
... ..........#...#<. ....
...........#...#.) ....
...........#...#))
............#(..)..


You could see a wight.

Vanquished Creatures
  An ice beast (D:6)
  2 phantoms
  The ghost of Gorglomux the Sneak, an amateur OpHu of Okawaru (D:3)
  A centaur (D:6)
  A bullfrog (D:6)
  2 howler monkeys
  3 wights (D:6)
  A crimson imp (D:5)
  A bullfrog zombie (D:6)
  A centaur skeleton (D:4)
  3 hounds
  5 orc priests
  5 orc wizards
  2 iguanas (D:5)
  2 worker ants (D:4)
  4 gnolls
  8 adders
  An adder zombie (D:5)
  A worm (D:2)
  A dart slug (D:2)
  10 leopard geckos
  19 orcs
  5 bats
  4 giant cockroaches
  5 goblins
  5 hobgoblins
  3 quokkas
  3 ball pythons
  6 frilled lizards
  A jackal zombie (D:5)
  12 kobolds
  A leopard gecko zombie (D:5)
  A quokka zombie (D:6)
  9 rats
  A plant (D:1)
131 creatures vanquished.

Notes
Turn   | Place    | Note
-------+----------+-------------------------------------------
     0 | D:1      | WiZmei the Formicid Fighter began the quest for the Orb.
     0 | D:1      | Reached XP level 1. HP: 18/18 MP: 1/1
   116 | D:1      | Reached XP level 2. HP: 11/24 MP: 2/2
   507 | D:1      | Upgraded the game from 0.21-a0-528-gf531e82 to 0.21-a0-529-g8c7b3f5
   738 | D:1      | Reached XP level 3. HP: 27/30 MP: 3/3
  1304 | D:2      | Found a glowing golden altar of the Shining One.
  1424 | D:2      | Reached XP level 4. HP: 34/37 MP: 4/4
  1745 | D:2      | Reached skill level 4 in Fighting
  1797 | D:2      | Found a radiant altar of Vehumet.
  1802 | D:2      | Found a hazy altar of Hepliaklqana.
  1807 | D:2      | Found a deep blue altar of Sif Muna.
  2057 | D:3      | Noticed a phantom
  2113 | D:3      | Killed a phantom
  2113 | D:3      | Reached XP level 5. HP: 24/43 MP: 5/5
  2313 | D:3      | Found an iron altar of Okawaru.
  2336 | D:3      | Reached XP level 6. HP: 49/49 MP: 6/6
  2353 | D:3      | Found a glowing drain.
  2369 | D:3      | Noticed Gorglomux's ghost (amateur OpHu)
  2396 | D:3      | Killed Gorglomux's ghost
  2396 | D:3      | Reached skill level 5 in Fighting
  2480 | Sewer    | Entered a sewer
  2782 | D:3      | Found a sacrificial altar of Ru.
  2877 | D:4      | Noticed a phantom
  2941 | D:4      | Killed a phantom
  2941 | D:4      | Reached XP level 7. HP: 35/56 MP: 7/7
  3210 | D:4      | Reached skill level 5 in Shields
  3542 | D:4      | Found a shadowy altar of Dithmenos.
  3612 | D:4      | Reached skill level 5 in Long Blades
  3699 | D:4      | Reached skill level 6 in Fighting
  3779 | D:4      | Reached XP level 8. HP: 42/64 MP: 8/8
  4202 | D:4      | Noticed an air elemental
  4203 | D:4      | Found a stormy altar of Qazlal.
  4204 | D:4      | Noticed a water elemental
  4241 | D:4      | Found Xamneragh's Gadget Shop.
  4341 | D:4      | Noticed a fire elemental
  4526 | D:5      | Entered Level 5 of the Dungeon
  4575 | D:5      | Found a glowing silver altar of Zin.
  4627 | D:5      | Found a staircase to the Ecumenical Temple.
  4638 | Temple   | Entered the Ecumenical Temple
  4693 | Temple   | Became a worshipper of Makhleb the Destroyer
  4846 | D:5      | Reached skill level 5 in Armour
  5813 | D:6      | Reached skill level 7 in Fighting
  6082 | D:6      | Reached * piety under Makhleb
  6254 | D:6      | Found an opulent altar of Gozag.
  6268 | D:6      | Reached XP level 9. HP: 64/72 MP: 9/9
  6284 | D:6      | Slain by a wight

Vault maps used:
D:1:      scummos_arrival_gate, serial_bayou_pond_d, lexackson_kobold_supper
D:2:      lemuel_doored_altar, minmay_overflow_temple_star_quad
D:3:      nicolae_ru_sacrificial_ziggurat, okawaru_trees_1, portal_sewer_entry_f
D:4:      nicolae_qazlal_style_of_elements, grunt_dithmenos_smoke_and_mirrors,
          first_bread, serial_shops, nicolae_shop_statue_plus
D:5:      overflow_temple_1_default, minmay_temple_entry_overgrown
D:6:      kennysheep_mini_moat, old_standard_altar, old_standard_altar,
          grunt_ministairs_8
Temple:   nicolae_temple_figure_zero
Sewer:    sewer_co_purgy_island

Skill      XL: |  1  2  3  4  5  6  7  8 |
---------------+-------------------------+-----
Shields        | 4 5 6 |  6.2
Fighting       | 4 5 6 7 |  7.5
Long Blades    | 3 4 5 6 |  6.5
Armour         | 4 5 |  5.7

Action                   |  1- 3 |  4- 6 |  7- 9 || total
-------------------------+-------+-------+-------++-------
Melee: Long sword        |   122 |   213 |   286 ||   621
  Eat: Chunk             |     2 |     5 |     8 ||    15
       Fruit             |       |       |     4 ||     4
Armor: Scale mail        |    79 |       |       ||    79
       Chain mail        |    32 |    10 |       ||    42
       Plate armour      |       |   128 |   197 ||   325
Dodge: Dodged            |    64 |    65 |    85 ||   214
Block: Shield            |   123 |    32 |       ||   155
       Buckler           |       |    35 |    62 ||    97
       Rpst.: Long sword |    21 |    19 |    20 ||    60

Table legend:
 A = Spawn XP
 B = Non-spawn XP
 C = Spawn XP percentage of total XP
 D = Spawn monster count
 E = Non-spawn monster count
 F = Spawn count percentage of total count
 G = Total turns spent on level
                    A         B        C        D         E        F      G
               +---------+---------+-------+---------+---------+-------+---------
         Total |       0 |    2127 |   0.0 |       0 |     130 |   0.0 |  6284
               +---------+---------+-------+---------+---------+-------+---------
           D:1 |       0 |      55 |   0.0 |       0 |      25 |   0.0 |  1199
           D:2 |       0 |      51 |   0.0 |       0 |      19 |   0.0 |   719
           D:3 |       0 |     348 |   0.0 |       0 |      20 |   0.0 |   822
           D:4 |       0 |     559 |   0.0 |       0 |      22 |   0.0 |  1704
           D:5 |       0 |     157 |   0.0 |       0 |      10 |   0.0 |   765
           D:6 |       0 |     951 |   0.0 |       0 |      29 |   0.0 |   925
         Sewer |       0 |       6 |   0.0 |       0 |       5 |   0.0 |    82
               +---------+---------+-------+---------+---------+-------+---------
